 Dungeon Crawl Stone Soup version 0.24-a0-582-g4d4af813a0 (webtiles) character file.

Game seed: 17149354906295676938

142 Ijustatesigmund the Shield-Bearer (level 5, -4/47 HPs)
             Began as a Gnoll Fighter on Aug 26, 2019.
             Killed from afar by a white imp (9 damage)
             ... with a puff of frost
             ... summoned by Eustachio
             ... on level 4 of the Dungeon.
             The game lasted 00:04:23 (2141 turns).

Ijustatesigmund the Shield-Bearer (Gnoll Fighter)   Turns: 2141, Time: 00:04:25

Health: -4/47      AC: 10    Str: 23      XL:     5   Next: 25%
Magic:  7/7        EV:  7    Int: 10      God:
Gold:   149        SH: 11    Dex: 14 (16) Spells: 6/6 levels left

rFire    . . .     SeeInvis .   a - +0 flail
rCold    . . .     Gourm    .   c - +0 shield
rNeg     . . .     Faith    .   b - +0 chain mail
rPois    .         Spirit   .   (no helmet)
rElec    .         Reflect  .   (no cloak)
rCorr    .         Harm     .   (no gloves)
MR       .....                  (no boots)
Stlth    ..........             (no amulet)
HPRegen  0.15/turn              (no ring)
MPRegen  0.10/turn              (no ring)

@: mighty
A: distributed training, fangs 1, strong nose
a: no special abilities


You were on level 4 of the Dungeon.
You were not hungry.

You visited 1 branch of the dungeon, and saw 4 of its levels.

You collected 149 gold pieces.

Inventory:

Hand Weapons
 a - a +0 flail (weapon)
Armour
 b - a +0 chain mail (worn)
 c - a +0 shield (worn)
Scrolls
 g - a scroll of teleportation
 m - a scroll of remove curse
Potions
 e - 5 potions of curing
 h - a potion of flight
 i - a potion of resistance
 j - 2 potions of agility
 k - a potion of brilliance
 l - 2 potions of ambrosia
 n - a potion of magic {unknown}
Comestibles
 f - 6 rations


   Skills:
 + Level 6.6 Fighting
 + Level 1.4 Short Blades
 + Level 1.4 Long Blades
 + Level 1.4 Axes
 + Level 4.7 Maces & Flails
 + Level 1.4 Polearms
 + Level 1.4 Staves
 + Level 1.4 Slings
 + Level 1.4 Bows
 + Level 1.4 Crossbows
 + Level 1.4 Throwing
 + Level 6.6 Armour
 + Level 1.4 Dodging
 + Level 1.4 Stealth
 + Level 6.6 Shields
 + Level 1.4 Unarmed Combat
 + Level 1.4 Spellcasting
 + Level 1.1 Conjurations
 + Level 1.1 Hexes
 + Level 1.1 Charms
 + Level 1.1 Summonings
 + Level 1.1 Necromancy
 + Level 1.1 Translocations
 + Level 1.1 Transmutations
 + Level 1.1 Fire Magic
 + Level 1.1 Ice Magic
 + Level 1.1 Air Magic
 + Level 1.1 Earth Magic
 + Level 1.1 Poison Magic
 + Level 1.5 Invocations
 + Level 1.4 Evocations


You had 6 spell levels left.
You didn't know any spells.
Your spell library was empty.

Dungeon Overview and Level Annotations

Branches:
Dungeon (4/15)
 Temple: D:4-7

Altars:
Makhleb
Ru

Annotations:
D:4 Eustachio


Innate Abilities, Weirdness & Mutations

Your experience applies equally to all skills.
You have very sharp teeth.
Your uncanny sense of smell can sniff out nearby items.


Message History

The quasit claws you but does no damage. x2
The phantom hits you.
* * * LOW HITPOINT WARNING * * *
The white imp gestures at you. The puff of frost hits you.
* * * LOW HITPOINT WARNING * * *
The bat hits you but does no damage. Eustachio barely misses you.
Your shield and chain mail prevent you from hitting Eustachio.
Eustachio is severely wounded.
You block the bat's attack. The bat hits you but does no damage.
The bat hits you.
* * * LOW HITPOINT WARNING * * *
The quasit bites you but does no damage.
The quasit closely misses you.
The quasit claws you but does no damage.
The rat bites you but does no damage. The phantom hits you.
* * * LOW HITPOINT WARNING * * *
The white imp gestures at you. The puff of frost hits you!
You die...

###....#
##.(....#### ####
..#.......... .....
#........... #....
..!........##..#
#....(.....>†.#
#........b..#
#.......@..#
##....b@5#.########
#..>..Wr5..........
#......5...#######.
#.........##
##.........#
#..........######
..#.............#
................#
#####..##.######


You could see Eustachio, a phantom, a quasit, a white imp, a shadow imp, 2 bats
and a rat.

Vanquished Creatures
  5 adders
  4 worms
  A dart slug (D:3)
  4 leopard geckos
  5 orcs
  A ball python (D:4)
  3 giant cockroaches
  8 goblins
  12 hobgoblins
  4 jackals (D:2)
  2 quokkas (D:3)
  7 bats
  3 frilled lizards
  4 kobolds (D:1)
  A quokka skeleton (D:3)
  10 rats
74 creatures vanquished.

Notes
Turn   | Place    | Note
-------+----------+-------------------------------------------
     0 | D:1      | Ijustatesigmund the Gnoll Fighter began the quest for the
                  | Orb.
     0 | D:1      | Reached XP level 1. HP: 23/23 MP: 1/1
    74 | D:1      | You fall into a shaft and drop 1 floor!
    87 | D:2      | Found a burning altar of Makhleb.
    91 | D:2      | Reached XP level 2. HP: 28/29 MP: 2/2
   158 | D:2      | Reached XP level 3. HP: 30/35 MP: 3/3
   519 | D:1      | Reached skill level 1 in Invocations
   809 | D:2      | Reached skill level 1 in Short Blades
   809 | D:2      | Reached skill level 1 in Long Blades
   809 | D:2      | Reached skill level 1 in Axes
   809 | D:2      | Reached skill level 1 in Polearms
   809 | D:2      | Reached skill level 1 in Staves
   809 | D:2      | Reached skill level 1 in Slings
   809 | D:2      | Reached skill level 1 in Bows
   809 | D:2      | Reached skill level 1 in Crossbows
   809 | D:2      | Reached skill level 1 in Throwing
   809 | D:2      | Reached skill level 1 in Dodging
   809 | D:2      | Reached skill level 1 in Stealth
   809 | D:2      | Reached skill level 1 in Unarmed Combat
   809 | D:2      | Reached skill level 1 in Spellcasting
   809 | D:2      | Reached skill level 1 in Evocations
   809 | D:2      | Reached XP level 4. HP: 31/41 MP: 5/5
  1548 | D:3      | Reached skill level 1 in Conjurations
  1548 | D:3      | Reached skill level 1 in Hexes
  1548 | D:3      | Reached skill level 1 in Charms
  1548 | D:3      | Reached skill level 1 in Summonings
  1548 | D:3      | Reached skill level 1 in Necromancy
  1548 | D:3      | Reached skill level 1 in Translocations
  1548 | D:3      | Reached skill level 1 in Transmutations
  1548 | D:3      | Reached skill level 1 in Fire Magic
  1548 | D:3      | Reached skill level 1 in Ice Magic
  1548 | D:3      | Reached skill level 1 in Air Magic
  1548 | D:3      | Reached skill level 1 in Earth Magic
  1548 | D:3      | Reached skill level 1 in Poison Magic
  1553 | D:3      | Found a sacrificial altar of Ru.
  1750 | D:3      | Reached XP level 5. HP: 44/47 MP: 6/6
  2107 | D:4      | Noticed Eustachio
  2110 | D:4      | Noticed a phantom
  2141 | D:4      | Killed from afar by a white imp

Levels and vault maps discovered:
D:1:      dpeg_arrival_orchard, layout_basic
D:2:      layout_basic, nicolae_overflow_crystal_walls, first_ration,
          chequers_jeans
D:3:      layout_loops_cross, nicolae_ru_path_of_blood
D:4:      layout_rooms, kennysheep_little_box, serial_shops, shop_fountains,
          nicolae_qazlal_style_of_elements, uniq_eustachio

Skill      XL: |  1  2  3  4 |
---------------+-------------+-----
Invocations    | 1 |  1.5
Short Blades   | 1 |  1.4
Long Blades    | 1 |  1.4
Axes           | 1 |  1.4
Polearms       | 1 |  1.4
Staves         | 1 |  1.4
Slings         | 1 |  1.4
Bows           | 1 |  1.4
Crossbows      | 1 |  1.4
Throwing       | 1 |  1.4
Dodging        | 1 |  1.4
Stealth        | 1 |  1.4
Unarmed Combat | 1 |  1.4
Spellcasting   | 1 |  1.4
Evocations     | 1 |  1.4
Conjurations   | 1 |  1.1
Hexes          | 1 |  1.1
Charms         | 1 |  1.1
Summonings     | 1 |  1.1
Necromancy     | 1 |  1.1
Translocations | 1 |  1.1
Transmutations | 1 |  1.1
Fire Magic     | 1 |  1.1
Ice Magic      | 1 |  1.1
Air Magic      | 1 |  1.1
Earth Magic    | 1 |  1.1
Poison Magic   | 1 |  1.1
Fighting       | |  6.6
Maces & Flails | |  4.7
Armour         | |  6.6
Shields        | |  6.6

Action                   |  1- 3 |  4- 6 || total
-------------------------+-------+-------++-------
Melee: Flail             |   112 |   120 ||   232
       Bite              |    12 |    10 ||    22
  Use: Scroll            |     6 |     4 ||    10
       Potion            |       |     2 ||     2
  Eat: Chunk             |       |     4 ||     4
Armor: Scale mail        |    38 |    24 ||    62
       Chain mail        |       |    46 ||    46
Dodge: Dodged            |    42 |    40 ||    82
Block: Shield            |    46 |    74 ||   120

Table legend:
 A = Non-vault XP
 B = Vault XP
 C = Vault XP percentage of total XP
 D = Non-vault monster count
 E = Vault monster count
 F = Vault count percentage of total count
                 A         B        C        D         E       F
            +---------+---------+-------+---------+---------+-------
      Total |     204 |       0 |   0.0 |      74 |       0 |   0.0
            +---------+---------+-------+---------+---------+-------
        D:1 |      29 |       0 |   0.0 |      18 |       0 |   0.0
        D:2 |      83 |       0 |   0.0 |      26 |       0 |   0.0
        D:3 |      82 |       0 |   0.0 |      27 |       0 |   0.0
        D:4 |      10 |       0 |   0.0 |       3 |       0 |   0.0
            +---------+---------+-------+---------+---------+-------
